 Dungeon Crawl Stone Soup version 0.27.0-1-g7a089689b8 (webtiles) character file.

Game seed: 2017810050631775058

14749 Smaepdii the Destroyer (level 11, -1/74 HPs)
             Began as a Green Draconian Conjurer on Aug 6, 2021.
             Was an Elder of Vehumet.
             Killed from afar by Azrael (31 damage)
             ... with a fireball
             ... on level 12 of the Dungeon.
             The game lasted 01:15:54 (13956 turns).

Smaepdii the Destroyer (Green Draconian Conjurer)  Turns: 13956, Time: 01:15:54

Health: -1/74      AC: 11    Str:  9    XL:     11   Next: 92%
Magic:  24/24      EV: 32    Int: 22    God:    Vehumet [****..]
Gold:   658        SH:  5    Dex: 16    Spells: 1/28 levels left

rFire    . . .     SeeInvis .   C - staff of conjuration
rCold    . . .     Faith    .   o - +0 buckler
rNeg     . . .     Spirit   .   (armour unavailable)
rPois    +         Reflect  .   (helmet restricted)
rElec    .         Harm     .   K - scarf {repulsion}
rCorr    .         Rampage  .   k - +1 pair of gloves
Will     .....                  p - +1 pair of boots
Stlth    ++........             f - amulet of the acrobat
HPRegen  0.22/turn              x - +6 ring of dexterity
MPRegen  0.19/turn              y - ring of wizardry

@: acrobatic, studying Long Blades, repel missiles
A: breathe noxious fumes, AC +7, unfitting armour, poison resistance,
cold-blooded
a: Breathe Noxious Fumes, Renounce Religion


You were on level 12 of the Dungeon.
You worshipped Vehumet.
Vehumet was greatly pleased with you.
You visited 2 branches of the dungeon, and saw 12 of its levels.
You also visited: Ossuary and Bailey.

You collected 658 gold pieces.

Inventory:

Hand Weapons
 c - a +7 short sword of venom
Armour
 k - a +1 pair of gloves (worn)
 o - a +0 buckler (worn)
 p - a +1 pair of boots (worn)
 K - a scarf of repulsion (worn)
 M - a scarf of invisibility
Magical Staves
 C - a staff of conjuration (weapon)
 H - a staff of fire
 O - a staff of air
Jewellery
 f - an amulet of the acrobat (around neck)
 h - a ring of fire
 x - a +6 ring of dexterity (left hand)
 y - a ring of wizardry (right hand)
 B - a ring of fire
Wands
 q - a wand of flame (55)
 F - a wand of iceblast (10)
 I - a wand of polymorph (10)
Scrolls
 a - 3 scrolls of amnesia
 d - 2 scrolls of magic mapping
 g - 2 scrolls of fear
 m - a scroll of noise {unknown}
 v - 2 scrolls of fog
 A - a scroll of vulnerability {unknown}
 D - 2 scrolls of teleportation
 E - a scroll of immolation {unknown}
 L - a scroll of brand weapon
 N - 2 scrolls of identify
 P - a scroll of enchant armour
Potions
 b - 2 potions of brilliance
 e - 5 potions of lignification
 i - 2 potions of flight
 j - a potion of berserk rage
 l - a potion of magic
 n - a potion of invisibility
 r - a potion of heal wounds
 s - 4 potions of haste
 t - 8 potions of curing
 u - 2 potions of ambrosia
 w - a potion of resistance
 z - 3 potions of might
 G - a potion of attraction {unknown}
 J - 3 potions of cancellation


   Skills:
 + Level 9.1 Dodging
 - Level 1.7 Stealth
 - Level 5.0 Shields
 + Level 9.2 Spellcasting
 * Level 13.2 Conjurations


You had one spell level left.
You knew the following spells:

 Your Spells              Type           Power      Damage    Failure   Level
a - Magic Dart            Conj           100%       1d8       1%          1
b - Searing Ray           Conj           100%       3d7       1%          2
c - Dazzling Flash        Conj/Hex       100%       N/A       1%          3
d - Foxfire               Conj/Fire      100%       2x1d9     1%          1
e - Slow                  Hex            10%        N/A       4%          2
f - Fulminant Prism       Conj/Hex       28%        3d14      1%          4
g - Iskenderun's Mystic   Conj/Tloc      56%        2d12      1%          4
h - Poisonous Vapours     Pois/Air       20%        N/A       1%          2
i - Irradiate             Conj/Tmut      28%        3d23      1%          5
j - Swiftness             Air            10%        N/A       9%          3

Your spell library contained the following spells:

 Spells                   Type           Power      Damage    Failure   Level
 Corpse Rot               Necr/Air       N/A        N/A       4%          2
 Passwall                 Tmut/Erth      8%         N/A       4%          2
 Confusing Touch          Hex            10%        N/A       9%          3
 Yara's Violent Unravell  Hex/Tmut       5%         3d4       19%         5
 Dispel Undead            Necr           10%        3d9       26%         4
 Passage of Golubria      Tloc           N/A        N/A       26%         4
 Silence                  Hex/Air        5%         N/A       56%         5
 Lehudib's Crystal Spear  Conj/Erth      28%        10d7      90%         8
 Death Channel            Necr           5%         N/A       98%         6
 Invisibility             Hex            5%         N/A       98%         6


Dungeon Overview and Level Annotations

Branches:
Dungeon (10/15)            Temple (1/1) D:5             Orc (0/2) D:10
Ossuary (visited)          Bailey (visited)
   Lair: D:8-11

Altars:
Ashenzari
Cheibriados
Dithmenos
Elyvilon
Fedhas
Gozag
Hepliaklqana
Kikubaaqudgha
Makhleb
Nemelex Xobeh
Okawaru
Qazlal
Ru
Sif Muna
Trog
Uskayaw
Vehumet
Wu Jian
Xom
Yredelemnul
Zin
The Shining One

Shops:
D:4 *   D:9 [

Annotations:
D:12 Azrael


Innate Abilities, Weirdness & Mutations

You can breathe blasts of noxious fumes.
Your lurid green scales are hard. (AC +7)
You cannot fit into any form of body armour.
Your system is resistant to poisons. (rPois)
You are cold-blooded and may be slowed by cold attacks.


Message History

The hell hound completely misses you. The hell hound breathes flames at you.
The blast of flame misses you.
A fire elemental comes into view.
The hell hound bites you. Azrael gestures at you. The bolt of fire misses you.
The hell hound breathes flames at you. The blast of flame misses you.
The hell hound misses you. The hell hound misses you. Azrael gestures at you.
The fireball explodes!
The fireball engulfs the hell hound.
The hell hound completely resists.
The fireball engulfs you!!
You hear a bark!
The hell hound misses you.
You feel much better. The hell hound completely misses you.
A gargoyle opens the door.
The hell hound completely misses you. x2
The fire elemental completely misses you.
The four-headed hydra roars!
You hear a bark!
A hell hound comes into view.
The hell hound breathes flames at you. The blast of flame misses you.
The blast of flame hits the hell hound.
The hell hound completely resists.
The fire elemental completely misses you.
Azrael completely misses you. The hell hound completely misses you.
The fire elemental hits you. The fire elemental burns you!
You block the hell hound's attack. The hell hound completely misses you.
Azrael misses you. The hell hound bites you. Azrael completely misses you.
The fire elemental completely misses you.
The hell hound breathes flames at you.
The blast of flame hits Azrael.
Azrael completely resists.
The blast of flame hits the hell hound.
The hell hound completely resists.
The blast of flame misses you. The hell hound completely misses you.
Azrael gestures at you.
The fireball explodes!
The fireball engulfs the hell hound.
The hell hound completely resists.
The fireball engulfs you!!
You die...

#...####...##.....#
#...#.......#.....#
...#.......+.....#
..#.......#.....# ###'
#....# #.....#
##...##....###.....#
#........9.........#
##....°°.☼E.......!#
#.....○R.h@.......#
#...##D##.####....#
######h#######○...#
....h......☼....# <..
................# .....##
.........○......#
...................°°...#
..≈...............°.....#
.≈≈.............☼○......#


You could see Azrael, a four-headed hydra, a fire elemental, a hell hound and a
gargoyle.

Vanquished Creatures
  An orc warlord (Bailey)
  Nessos (D:12)
  A two-headed ogre (D:10)
  2 tengu conjurers (D:9)
  3 trolls
  A wyvern (D:9)
  A steam dragon (D:9)
  An acid dragon (D:7)
  4 ice beasts
  A water moccasin (D:8)
  A sky beast (D:5)
  7 orc warriors
  A black bear (D:5)
  5 ogres
  4 centaurs
  9 kobold brigands
  3 phantoms
  A bullfrog (D:8)
  2 gnoll sergeants (D:10)
  A scorpion (D:4)
  3 water moccasin zombies
  A water moccasin skeleton (D:5)
  6 killer bees (D:9)
  3 wights (D:9)
  4 howler monkeys
  4 bullfrog zombies (D:5)
  3 centaur zombies
  A jelly (D:4)
  2 hounds
  A centaur skeleton (D:5)
  A gnoll shaman (D:4)
  2 orc priests
  4 iguanas
  A bullfrog skeleton (D:6)
  2 scorpion zombies (D:5)
  4 orc wizards
  A statue (D:4)
  A killer bee zombie (D:5)
  A hound skeleton (D:5)
  2 hound zombies (D:5)
  15 mummies
  8 gnolls
  9 adders
  An ufetubus (D:5)
  An adder skeleton (D:4)
  2 worms
  4 dart slugs
  19 orcs
  4 ball pythons
  8 endoplasms
  4 giant cockroaches
  12 goblins
  13 hobgoblins
  2 jackals (D:4)
  5 quokkas
  6 bats
  A frilled lizard (D:3)
  2 gnoll skeletons (Ossuary)
  2 goblin skeletons (Ossuary)
  45 kobolds
  2 kobold skeletons (Ossuary)
  2 orc skeletons (Ossuary)
  8 rats
  11 rat skeletons (Ossuary)
  A spectral hobgoblin (D:3)
284 creatures vanquished.

Vanquished Creatures (others)
  A centaur zombie (D:5)
  A bullfrog skeleton (D:5)
  A scorpion zombie (D:5)
  A killer bee zombie (D:5)
  99 foxfires
  12 fulminant prisms
  10 withered plants (D:5)
125 creatures vanquished.

Grand Total: 409 creatures vanquished

Notes
Turn   | Place    | Note
-------+----------+-------------------------------------------
     0 | D:1      | Smaepdii the Draconian Conjurer began the quest for the
                  | Orb.
     0 | D:1      | Reached XP level 1. HP: 14/14 MP: 3/3
   329 | D:1      | Reached XP level 2. HP: 20/20 MP: 3/5
  1159 | D:2      | Found a faded altar of an unknown god.
  1324 | D:2      | Reached XP level 3. HP: 26/26 MP: 0/6
  2226 | D:1      | Learned a level 2 spell: Searing Ray
  2602 | D:3      | Found a blossoming altar of Fedhas.
  2766 | D:3      | Reached XP level 4. HP: 33/33 MP: 2/8
  2956 | D:3      | Found a shimmering blue altar of Sif Muna.
  3417 | D:3      | Found a hazy altar of Hepliaklqana.
  3587 | D:3      | Found a snail-covered altar of Cheibriados.
  4106 | D:4      | Noticed a phantom
  4112 | D:4      | Killed a phantom
  4113 | D:4      | Reached skill level 5 in Conjurations
  4113 | D:4      | Reached XP level 5. HP: 38/38 MP: 1/10
  4389 | D:4      | Reached XP level 6. HP: 43/45 MP: 1/11
  4432 | D:4      | Found a sand-covered staircase.
  4452 | Ossuary  | Entered an ossuary
  5670 | D:4      | Found a radiant altar of Vehumet.
  5782 | D:4      | Became a worshipper of Vehumet
  5932 | D:4      | Your scales start taking on a lurid green colour.
  5932 | D:4      | Reached XP level 7. HP: 50/50 MP: 8/13
  5932 | D:4      | Gained mutation: Your system is resistant to poisons.
                  | (rPois) [Green Draconian growth]
  6003 | D:4      | Found Camugg's General Store.
  6200 | D:4      | Reached skill level 6 in Conjurations
  6500 | D:5      | Entered Level 5 of the Dungeon
  6512 | D:5      | Found a staircase to the Ecumenical Temple.
  6531 | Temple   | Entered the Ecumenical Temple
  7253 | D:5      | Reached skill level 5 in Spellcasting
  7310 | D:5      | Reached skill level 7 in Conjurations
  7310 | D:5      | Reached XP level 8. HP: 57/57 MP: 7/15
  7369 | D:5      | Reached skill level 5 in Dodging
  7417 | D:5      | Learned a level 3 spell: Dazzling Flash
  7491 | D:5      | Found a stormy altar of Qazlal.
  8348 | D:5      | Reached * piety under Vehumet
  8348 | D:5      | Offered knowledge of Foxfire by Vehumet.
  8369 | D:5      | Learned a level 1 spell: Foxfire
  8394 | D:6      | Reached skill level 8 in Conjurations
  8471 | D:6      | Found a sacrificial altar of Ru.
  9006 | D:6      | Found an opulent altar of Gozag.
  9200 | D:6      | Reached XP level 9. HP: 47/62 MP: 9/18
  9462 | D:7      | Reached skill level 9 in Conjurations
  9730 | D:7      | Learned a level 2 spell: Slow
  9735 | D:7      | Learned a level 4 spell: Fulminant Prism
  9740 | D:7      | Learned a level 4 spell: Iskenderun's Mystic Blast
  9877 | D:7      | Found a glowing silver altar of Zin.
 10084 | D:7      | Found an iron altar of Okawaru.
 10206 | D:8      | Reached ** piety under Vehumet
 10206 | D:8      | Offered knowledge of Shock by Vehumet.
 10622 | D:8      | Found a white marble altar of Elyvilon.
 10742 | D:8      | Found a burning altar of Makhleb.
 11084 | D:9      | Noticed a troll
 11090 | D:9      | Killed a troll
 11091 | D:9      | Reached skill level 10 in Conjurations
 11206 | D:9      | Found Idawep's Armour Boutique.
 11473 | D:9      | Found a flagged portal.
 11484 | Bailey   | Entered a bailey
 11489 | Bailey   | Noticed an orc warlord
 11653 | Bailey   | Offered knowledge of Poisonous Vapours by Vehumet.
 11666 | Bailey   | Learned a level 2 spell: Poisonous Vapours
 11759 | Bailey   | Found a runed translucent gate.
 11760 | Bailey   | Found a runed translucent gate.
 11762 | Bailey   | Found a runed translucent gate.
 11787 | Bailey   | Reached XP level 10. HP: 69/69 MP: 12/20
 11864 | Bailey   | Reached *** piety under Vehumet
 12065 | Bailey   | Killed an orc warlord
 12066 | Bailey   | Reached skill level 11 in Conjurations
 12172 | Bailey   | Reached skill level 12 in Conjurations
 12172 | Bailey   | Reached XP level 11. HP: 74/74 MP: 21/23
 12184 | Bailey   | Acquired a scarf of repulsion
 12191 | Bailey   | Acquired a staff of conjuration
 12892 | D:9      | Reached skill level 1 in Shields
 12924 | D:10     | Entered Level 10 of the Dungeon
 12935 | D:10     | Offered knowledge of Conjure Flame by Vehumet.
 13248 | D:10     | Found a staircase to the Orcish Mines.
 13269 | D:10     | Reached **** piety under Vehumet
 13273 | D:10     | Offered knowledge of Irradiate by Vehumet.
 13295 | D:10     | Reached skill level 5 in Shields
 13438 | D:10     | Noticed a two-headed ogre
 13457 | D:10     | Killed a two-headed ogre
 13458 | D:10     | Reached skill level 13 in Conjurations
 13556 | D:10     | Identified the +1 ring mail of Untruth {*Slow rPois rF+
                  | Int+2}
 13647 | D:10     | Learned a level 5 spell: Irradiate
 13772 | D:10     | You fall into a shaft and drop 2 floors!
 13774 | D:12     | Noticed Nessos
 13781 | D:12     | Killed Nessos
 13880 | D:12     | Found a stormy altar of Qazlal.
 13888 | D:12     | Learned a level 3 spell: Swiftness
 13899 | D:12     | Noticed Azrael
 13931 | D:12     | Noticed a four-headed hydra
 13956 | D:12     | Killed from afar by Azrael

Illustrated notes

Levels and vault maps discovered:
D:1:      dpeg_arrival_short_road, layout_basic, minmay_misc_feat_cross
D:2:      layout_rooms, ebering_ecumenical_altar_webs, dk_noncrumbling_3
D:3:      layout_basic, nicolae_hepliaklqana_monster_ancestors,
          amcnicky_altar_gilded, lemuel_crystal_altar, slow_altar_2,
          chequers_serial_rivers_large_b, grunt_decor_junction,
          amethyst_killhole
D:4:      layout_basic, vehumet_statue, serial_shops,
          nicolae_inconvenience_store, nicolae_ossuary_entry_monument,
          kennysheep_generic_room_5
D:5:      layout_loops_cross, mainiacjoe_overflow_alcove_2, temple_statues,
          serial_undead, serial_undead_e, serial_undead_b, serial_undead_e,
          serial_undead_b, serial_undead_f, serial_undead_c, serial_undead_a,
          serial_undead_e, serial_undead_e, serial_undead_f, lemuel_flame_loot_1
D:6:      layout_cave_pools, grunt_gozag_statues, kennysheep_mini_moat,
          serial_column_ruins, column_ruins_hut_pillars, column_ruins_hut,
          column_ruins_columns_plus, column_ruins_open_tiny,
          column_ruins_grid_1, column_ruins_columns_corner, column_ruins_grid_3,
          column_ruins_grid_1, minivault_19, st_stairs_9
D:7:      layout_basic, okawaru_altar_gauntlet_db, mainiacjoe_overflow_24_doors
D:8:      layout_gridville, elyvilon_altar_3, lightli_temple_of_fire,
          glass_columns_a, minmay_crystal_room, minmay_misc_feat_iff
D:9:      layout_loops_ring, serial_shops, nicolae_lakefront_shop,
          enter_bailey_2, kennysheep_cluttered_room, st_stairs_12
D:10:     layout_irregular_city, david_lair_shrubbed,
          kennysheep_orc_monster_closet_entryway, serial_column_ruins,
          column_ruins_square_large, column_ruins_courtyard_long_water,
          column_ruins_columns_corner, column_ruins_open_tiny,
          column_ruins_columns_straight, column_ruins_open_small_water,
          column_ruins_corridor_corner
D:12:     minmay_s_stair_smasher, layout_gridville, enter_trove_2,
          nicolae_qazlal_general_emergency, uniq_maurice, uniq_nessos,
          uniq_snorg, uniq_azrael
Temple:   cyrus_temple_forest

Skill      XL: |  1  2  3  4  5  6  7  8  9 10 11 |
---------------+----------------------------------+-----
Dodging        | 2 3 4 6 7 8 9 |  9.1
Spellcasting   | 3 4 5 6 7 8 9 |  9.2
Conjurations   | 5 7 8 10 12 13 | 13.2
Shields        | 5 |  5.0
Stealth        | |  1.7

Action                   |  1- 3 |  4- 6 |  7- 9 | 10-12 || total
-------------------------+-------+-------+-------+-------++-------
Melee: Unarmed           |    16 |       |       |       ||    16
       Tailslap          |     3 |       |     2 |       ||     5
       Quarterstaff      |       |       |    10 |       ||    10
 Cast: Magic Dart        |   101 |    36 |    31 |     2 ||   170
       Searing Ray       |     3 |    39 |    81 |    31 ||   154
       Foxfire           |       |       |    55 |     5 ||    60
       Fulminant Prism   |       |       |     4 |     8 ||    12
       Poisonous Vapours |       |       |     2 |    21 ||    23
       Iskenderun's Myst |       |       |       |     1 ||     1
       Dazzling Flash    |       |       |       |     1 ||     1
       Irradiate         |       |       |       |     2 ||     2
       Swiftness         |       |       |       |     1 ||     1
 Abil: Breathe Noxious F |       |       |    18 |     9 ||    27
  Use: Scroll            |       |     9 |     8 |     7 ||    24
       Potion            |       |       |       |     2 ||     2
Armor: Skin              |    22 |     7 |    54 |    18 ||   101
Dodge: Dodged            |    33 |    19 |   133 |    88 ||   273
       Repelled          |       |       |       |     1 ||     1
Block: Buckler           |       |       |       |     6 ||     6
